 Dungeon Crawl Stone Soup version 0.22-a0-422-g9628fc8 (webtiles) character file.

115 Borgoz the Covered (level 5, -2/33 HPs)
             Began as a Gargoyle Fighter on May 21, 2018.
             Slain by an iguana (5 damage)
             ... on level 3 of the Dungeon.
             The game lasted 00:03:07 (1823 turns).

Borgoz the Covered (Gargoyle Fighter)               Turns: 1823, Time: 00:03:08

Health: -2/33      AC: 12    Str: 16 (19) XL:     5   Next: 0%
Magic:  5/5        EV:  7    Int:  8 (9)  God:
Gold:   110        SH:  8    Dex:  4 (6)  Spells: 4/4 levels left

rFire    . . .     SeeInvis .   a - +1 flail
rCold    . . .     Gourm    .   c - +0 shield
rNeg     + . .     Faith    .   b - +1 scale mail
rPois    ∞         Spirit   .   (no helmet)
rElec    +         Reflect  .   (no cloak)
rCorr    .         Harm     .   (no gloves)
MR       .....                  (no boots)
Stlth    ..........             (no amulet)
HPRegen  0.11/turn              g - -4 ring of dexterity (curse)
MPRegen  0.09/turn              (no ring)

@: no status effects
A: negative energy resistance 1, electricity resistance, unbreathing,
petrification resistance, rot immunity, AC +4
a: no special abilities


You were on level 3 of the Dungeon.
You were hungry.

You visited 1 branch of the dungeon, and saw 3 of its levels.

You collected 110 gold pieces.

Inventory:

Hand Weapons
 a - a +1 flail (weapon)
Armour
 b - a +1 scale mail (worn)
 c - a +0 shield (worn)
Jewellery
 g - a cursed -4 ring of dexterity (left hand)
Scrolls
 e - a scroll of enchant weapon
 k - 2 scrolls of amnesia
Potions
 i - a potion of curing
 l - a potion of flight
 m - a potion of agility
Comestibles
 f - 2 rations
 h - 2 chunks of flesh


   Skills:
 + Level 3.8 Fighting
 + Level 2.6 Maces & Flails
 + Level 3.9 Armour
 * Level 1.9 Dodging
 + Level 3.9 Shields


You had 4 spell levels left.
You didn't know any spells.
Your spell library was empty.

Dungeon Overview and Level Annotations

Branches:
Dungeon (3/15)

Altars:


Innate Abilities, Weirdness & Mutations

You are resistant to torment.
Your stone body is resilient. (AC +4)
You are immune to poison.
You resist negative energy. (rN+)
You are resistant to electric shocks. (rElec)
You can survive without breathing.
You are immune to petrification.
You are immune to rotting.


Message History

The iguana closely misses you.
You hit the iguana.
The iguana is severely wounded.
The iguana bites you but does no damage.
The iguana bites you!
You are too injured to fight recklessly!
You are too injured to fight recklessly!
You closely miss the iguana.
The iguana is severely wounded.
You block the bat's attack. The iguana barely misses you.
You sock the iguana!
The iguana is almost dead.
You block the bat's attack. The bat closely misses you. The iguana bites you!
* * * LOW HITPOINT WARNING * * *
It was a potion of degeneration.
There was something very wrong with that liquid.
You feel weakened.
You feel dopey.
You feel clumsy. The bat hits you but does no damage.
The bat closely misses you. The iguana bites you.
You die...

..####.. #).# #.#
.....# #.(###.#
##...####(..##.#
#..)###.(.#..#.#
#."...#....(####....
..### ###.(#### #.#..
### ##†....## .....
.....###b)....!.......
#..l@$...(........
................)..
...................
...................
...................
...................
......!#.....?.<
.......##.....##


You could see an iguana and a bat.

Vanquished Creatures
  4 gnolls (D:2)
  4 adders
  2 dart slugs (D:2)
  3 leopard geckos
  2 bats
  2 giant cockroaches
  7 goblins
  2 hobgoblins (D:1)
  A ball python (D:3)
  4 frilled lizards
  5 kobolds
  2 rats
38 creatures vanquished.

Notes
Turn   | Place    | Note
-------+----------+-------------------------------------------
     0 | D:1      | Borgoz the Gargoyle Fighter began the quest for the Orb.
     0 | D:1      | Reached XP level 1. HP: 14/14 MP: 1/1
   137 | D:1      | Reached XP level 2. HP: 17/19 MP: 2/2
   620 | D:2      | Reached skill level 1 in Dodging
   620 | D:2      | Reached XP level 3. HP: 23/23 MP: 3/3
   789 | D:2      | Reached XP level 4. HP: 6/29 MP: 4/4
  1804 | D:3      | Reached XP level 5. HP: 33/33 MP: 5/5
  1823 | D:3      | Slain by an iguana

Vault maps used:
D:1:      evilmike_arrival_grusome_pit
D:3:      uniq_robin

Skill      XL: |  1  2 |
---------------+-------+-----
Dodging        | 1 |  1.9
Fighting       | |  3.8
Maces & Flails | |  2.6
Armour         | |  3.9
Shields        | |  3.9

Action                   |  1- 3 |  4- 6 || total
-------------------------+-------+-------++-------
Melee: Flail             |    34 |    17 ||    51
       Hand axe          |    72 |   114 ||   186
  Use: Scroll            |     6 |     4 ||    10
       Potion            |     1 |     1 ||     2
  Eat: Chunk             |       |     3 ||     3
Armor: Scale mail        |    60 |    62 ||   122
Dodge: Dodged            |    29 |    56 ||    85
Block: Shield            |    50 |    84 ||   134

Table legend:
 A = Spawn XP
 B = Non-spawn XP
 C = Spawn XP percentage of total XP
 D = Spawn monster count
 E = Non-spawn monster count
 F = Spawn count percentage of total count
 G = Total turns spent on level
                    A         B        C        D         E        F      G
               +---------+---------+-------+---------+---------+-------+---------
         Total |       0 |     165 |   0.0 |       0 |      38 |   0.0 |  1823
               +---------+---------+-------+---------+---------+-------+---------
           D:1 |       0 |      31 |   0.0 |       0 |      17 |   0.0 |   543
           D:2 |       0 |     107 |   0.0 |       0 |      12 |   0.0 |  1093
           D:3 |       0 |      27 |   0.0 |       0 |       9 |   0.0 |   187
               +---------+---------+-------+---------+---------+-------+---------
